 Dungeon Crawl Stone Soup version 0.27.1-1-g398f81649c (webtiles) character file.

Game seed: 1130245158489460911

621 pokedragonboy the Changer (level 7, -2/52 HPs)
             Began as a Demigod Transmuter on Sept 16, 2021.
             Slain by an orc warrior (8 damage)
             ... on level 5 of the Dungeon.
             The game lasted 00:10:21 (5975 turns).

pokedragonboy the Changer (Demigod Transmuter)      Turns: 5975, Time: 00:10:21

Health: -2/52      AC:  6    Str: 15    XL:     7   Next: 1%
Magic:  15/15      EV: 19    Int: 19    God:
Gold:   135        SH:  0    Dex: 19    Spells: 7/13 levels left

rFire    . . .     SeeInvis .     - Unarmed
rCold    . . .     Faith    .   (shield currently unavailable)
rNeg     . . .     Spirit   .   (armour currently unavailable)
rPois    x         Reflect  .   (helmet currently unavailable)
rElec    .         Harm     .   (cloak currently unavailable)
rCorr    .         Rampage  .   (gloves currently unavailable)
Will     .....                  (boots currently unavailable)
Stlth    ++........             l - amulet of magic regeneration
HPRegen  0.17/turn              d - +4 ring of protection
MPRegen  0.39/turn              (no ring)

@: spider-form (expiring), hasted, very quick
A: venomous fangs, tiny, high mp 1, forlorn
a: End Transformation


You were on level 5 of the Dungeon.
You were a venomous arachnid creature.
You visited 1 branch of the dungeon, and saw 5 of its levels.

You collected 135 gold pieces.

Inventory:

Hand Weapons
 g - a +1 dagger of electrocution
Armour
 a - a +0 robe (melded)
 h - a +0 tower shield
 j - a +0 cloak (melded)
 k - the +0 leather armour of the Neverending Demons {rCorr}
   (You found it on level 4 of the Dungeon)

   rCorr:     It protects you from acid and corrosion.
Jewellery
 d - a +4 ring of protection (left front leg)
 l - an amulet of magic regeneration (around neck)
Wands
 n - a wand of flame (23)
Scrolls
 b - 3 scrolls of identify
 c - a scroll of immolation {unknown}
Potions
 e - 2 potions of haste
 f - a potion of curing {unknown}
 i - a potion of brilliance {unknown}
 m - a potion of flight {unknown}
 o - a potion of invisibility {unknown}


   Skills:
 + Level 1.0 Fighting
 - Level 1.7 Dodging
 * Level 4.0 Unarmed Combat
 + Level 3.7 Spellcasting
 * Level 5.5 Transmutations


You had 7 spell levels left.
You knew the following spells:

 Your Spells              Type           Power      Damage    Failure   Level
a - Beastly Appendage     Tmut           48%        N/A       7%          1
b - Wereblood             Tmut           24%        N/A       9%          2
c - Spider Form           Tmut/Pois      7%         N/A       32%         3

Your spell library contained the following spells:

 Spells                   Type           Power      Damage    Failure   Level
 Sting                    Tmut/Pois      56%        1d5       14%         1
 Passwall                 Tmut/Erth      11%        N/A       19%         2
 Corpse Rot               Necr/Air       N/A        N/A       43%         2
 Static Discharge         Conj/Air       3%         N/A       43%         2
 Sublimation of Blood     Necr           1%         N/A       43%         2
 Swiftness                Air            3%         N/A       61%         3
 Ice Form                 Ice/Tmut       14%        N/A       63%         4
 Petrify                  Tmut/Erth      14%        N/A       63%         4
 Irradiate                Conj/Tmut      7%         3d16      90%         5
 Dispel Undead            Necr           3%         3d7       92%         4
 Sticky Flame             Conj/Fire      3%         2d3       92%         4
 Bolt of Magma            Conj/Fire/Erth 1%         4d4       99%         5
 Death Channel            Necr           1%         N/A       100%        6
 Invisibility             Hex            1%         N/A       100%        6
 Dragon Form              Tmut           12%        N/A       100%        7


Dungeon Overview and Level Annotations

Branches:
Dungeon (5/15)
 Temple: D:4-7

Shops:
D:4 [

Annotations:
D:2 1 runed translucent door, Crazy Yiuf


Innate Abilities, Weirdness & Mutations

You are a venomous arachnid creature.
You have poisonous fangs.
You are tiny and dextrous.
Your spellcasting is less reliable in this form.
Your armour is entirely melded.
You are incapable of wielding weapons or throwing items.
Your attributes grow dramatically as you level up.
You have an increased reservoir of magic. (+10% MP)
You shall have no god before yourself.


Message History

Casting: Beastly Appendage (safe; 1% risk of failure)
Confirm with . or Enter, or press ? or * to list all spells.
You extend your transformation's duration.
The orc warrior shouts!
You barely miss the orc warrior. Your kick misses the orc warrior.
The orc warrior hits you with a +0 war axe.
You hit the orc warrior but do no damage.
You claw the orc warrior, but do no damage.
You headbutt the orc warrior.
The orc warrior is lightly wounded.
You barely miss the orc warrior.
The orc warrior is lightly wounded.
The orc warrior barely misses you.
You closely miss the orc warrior.
You claw the orc warrior, but do no damage.
The orc warrior is lightly wounded.
The orc warrior hits you with a +0 war axe!!
You hit the orc warrior. Your headbutt misses the orc warrior.
The orc warrior is moderately wounded.
The orc warrior hits you with a +0 war axe!
You closely miss the orc warrior.
The orc warrior is moderately wounded.
The orc warrior hits you with a +0 war axe!
* * * LOW HITPOINT WARNING * * *
Okay, then.
Casting: Beastly Appendage (safe; 1% risk of failure)
Confirm with . or Enter, or press ? or * to list all spells.
Your horns disappear.
Your talons disappear.
You turn into a venomous arachnid creature.
Your +0 cloak melds into your body.
Your +0 robe melds into your body.
The orc warrior misses you.
Your transformation is almost over.
Okay, then.
As you read the scroll labelled CURACV MANITUL, it crumbles to dust.
It is a scroll of identify.
e - 3 potions of haste The orc warrior completely misses you.
You feel yourself speed up.
The orc warrior hits you with a +0 war axe!
You die...

#.....# . ##.....## ..
#.......#####..
.##########.##........?..
.........##.##........##.
#..#####.##.##.†.........
####.#.........#..##. #
#....o..###..........
###.
#.##s##........#..##.
.....##.##.#####........#
#.......# #.######...
####.#### #.# #..##
#.#### #.# #..# #.##.##
... #... #...#.# ... .##
####.## ..> #.#


You could see an orc warrior.

Vanquished Creatures
  A sky beast (D:4)
  A necrophage (D:4)
  A bullfrog (D:4)
  A water moccasin skeleton (D:4)
  2 hounds
  Jessica (D:2)
  2 iguanas
  Natasha (thrice) (D:3)
  4 adders
  A shadow imp (D:5)
  3 dart slugs
  4 worms
  5 orcs (D:4)
  5 endoplasms
  3 giant cockroaches
  7 goblins
  4 hobgoblins
  A quokka (D:1)
  7 ball pythons
  10 bats
  6 frilled lizards
  7 kobolds
  5 rats
84 creatures vanquished.

Notes
Turn   | Place    | Note
-------+----------+-------------------------------------------
     0 | D:1      | pokedragonboy the Demigod Transmuter began the quest for
                  | the Orb.
     0 | D:1      | Reached XP level 1. HP: 15/15 MP: 5/5
   100 | D:1      | Reached skill level 2 in Transmutations
   664 | D:1      | Reached XP level 2. HP: 22/22 MP: 5/7
   715 | D:1      | Learned a level 2 spell: Wereblood
  1045 | D:1      | Got the Catalogue of Transformation and Flames
  1780 | D:2      | Noticed Jessica
  1786 | D:2      | Killed Jessica
  1787 | D:2      | Reached skill level 3 in Transmutations
  1787 | D:2      | Reached XP level 3. HP: 22/27 MP: 7/9
  1981 | D:2      | Learned a level 3 spell: Spider Form
  2776 | D:2      | Reached XP level 4. HP: 34/34 MP: 8/10
  2927 | D:2      | Found a runed translucent door.
  2928 | D:2      | Noticed Crazy Yiuf
  3708 | D:3      | Noticed Natasha
  3721 | D:3      | Killed Natasha
  3859 | D:3      | Noticed Natasha
  3872 | D:3      | Killed Natasha
  3873 | D:3      | Reached skill level 4 in Transmutations
  4064 | D:3      | Noticed Natasha
  4071 | D:3      | Killed Natasha
  4072 | D:3      | Reached XP level 5. HP: 28/39 MP: 10/12
  4722 | D:4      | Noticed a sky beast
  4773 | D:4      | Noticed a necrophage
  4787 | D:4      | Killed a necrophage
  4788 | D:4      | Reached XP level 6. HP: 42/46 MP: 11/14
  4841 | D:4      | Reached skill level 5 in Transmutations
  5002 | D:4      | Identified the +0 leather armour of the Neverending Demons
                  | {rCorr}
  5600 | D:4      | Found Typtobouch's Armour Boutique.
  5857 | D:5      | Entered Level 5 of the Dungeon
  5940 | D:5      | Reached skill level 1 in Fighting
  5940 | D:5      | Reached XP level 7. HP: 52/52 MP: 15/15
  5975 | D:5      | Slain by an orc warrior

Illustrated notes

Levels and vault maps discovered:
D:1:      saegor_arrival_simple_c, layout_basic, minmay_stone_trees_medium,
          bh_walls_and_bars
D:2:      layout_basic, uniq_crazy_yiuf_cottage, uniq_jessica
D:3:      layout_basic, elyvilon_altar_5, uniq_natasha
D:4:      layout_rooms, serial_shops, shop_statue, palyth_stone_intersect
D:5:      layout_loops_cross, guppyfry_early_orc_mine

Skill      XL: |  1  2  3  4  5  6 |
---------------+-------------------+-----
Transmutations | 2 3 4 5 |  5.5
Spellcasting   | 2 3 |  3.7
Unarmed Combat | 3 4 |  4.0
Fighting       | 1 |  1.0
Dodging        | |  1.7

Action                   |  1- 3 |  4- 6 |  7- 9 || total
-------------------------+-------+-------+-------++-------
Melee: Unarmed           |   127 |   160 |     6 ||   293
       Kick              |    27 |    44 |     2 ||    73
       Headbutt          |    16 |    28 |     1 ||    45
       Punch             |       |     2 |       ||     2
 Cast: Beastly Appendage |    31 |    31 |     1 ||    63
       Wereblood         |       |     5 |       ||     5
       Spider Form       |       |     2 |     1 ||     3
  Use: Scroll            |       |       |     1 ||     1
       Potion            |       |       |     1 ||     1
 Stab: Sleeping          |     1 |     2 |       ||     3
Armor: Robe              |    29 |    50 |       ||    79
Dodge: Dodged            |    85 |    92 |     3 ||   180
